[Event "4th Sinquefield Cup 2016"]
[Site "Saint Louis"]
[Date "2016.08.11"]
[Round "6"]
[White "Aronian, Levon"]
[Black "Vachier-Lagrave, Maxime"]
[Result "0-1"]
[ECO "A04"]
[WhiteElo "2792"]
[BlackElo "2819"]
[Annotator ""]
[PlyCount "98"]
[EventDate "2016.??.??"]
[EventCountry "USA"]
[SourceTitle "playchess.com"]
[Source "ChessBase"]
[TimeControl "40/7200:3600+30"]

1. Nf3 {(13s)} c5 {(5s)} 2. c4 {(8s)} Nc6 {(3s)} 3. Nc3 {(8s)} e5 {(3s)} 4. g3 {(8s)} g6 {(11s)} 5. Bg2
{(9s)} Bg7 {(4s)} 6. O-O {(9s)} Nge7 {(45s)} 7. a3 {(11s)} O-O {(114s)} 8. b4 {(128s)} d5 {(193s)} 9.
cxd5 {(272s)} Nxd5 {(38s)} 10. Ng5 {(180s)} Nc7 {(298s)} 11. Nge4 {(112s)} c4 {(621s)} 12. d3 {(
1375s)} cxd3 {(361s)} 13. Bg5 {(14s)} f6 {(146s)} 14. Be3 {(11s)} f5 {(527s)} 15. Bg5 {(824s)} Qd4
{(837s)} 16. Be3 {(12s)} Qd8 {(5s)} 17. Bg5 {(4s)} Qd7 {(560s)} 18. Nc5 {(14s)} dxe2 {(15s)} 19.
Nxe2 {(573s)} Qxd1 {(80s)} 20. Rfxd1 {(702s)} f4 {(218s)} 21. gxf4 {(185s)} h6 {(160s)} 22. b5 {(
1335s)} Nxb5 {(88s)} 23. Rab1 {(57s)} Nxa3 {(201s)} 24. Rb3 {(56s)} hxg5 {(531s)} 25. Rxa3 {(124s)}
exf4 {(296s)} 26. Bd5+ {(299s)} Kh7 {(147s)} 27. Ne4 {(26s)} Kh6 {(484s)} 28. Nd6 {(304s)} Bf6 {(
28s)} 29. Bxc6 {(74s)} bxc6 {(75s)} 30. Nxc8 {(4s)} Raxc8 {(11s)} 31. Rd7 {(18s)} g4 {(112s)} 32.
Nxf4 {(17s)} Rcd8 {(291s)} 33. Raxa7 {(97s)} Rxd7 {(7s)} 34. Rxd7 {(4s)} c5 {(6s)} 35. Ne6 {(276s)}
Rc8 {(7s)} 36. Rc7 {(20s)} Rxc7 {(10s)} 37. Nxc7 {(1s)} c4 {(66s)} 38. Kf1 {(7s)} Kg5 {(115s)} 39.
Nd5 {(3s)} Be5 {(33s)} 40. Ke2 {(0s)} Bxh2 {(0s)} 41. Ke3 {(426s)} Be5 {(159s)} 42. Nb4 {(333s)} Bd6
{(137s)} 43. Nd5 {(116s)} Bc5+ {(6s)} 44. Ke2 {(3s)} Kf5 {(8s)} 45. Nc3 {(19s)} Ke5 {(38s)} 46. Nb5
{(53s)} Bb4 {(41s)} 47. Ke3 {(24s)} g5 {(11s)} 48. Nc7 {(23s)} Bc5+ {(16s)} 49. Ke2 {(7s)} c3 {(42s)}
0-1

[Event "4th Sinquefield Cup 2016"]
[Site "Saint Louis"]
[Date "2016.08.11"]
[Round "6"]
[White "Giri, Anish"]
[Black "Anand, Viswanathan"]
[Result "1/2-1/2"]
[ECO "A14"]
[WhiteElo "2769"]
[BlackElo "2770"]
[Annotator "AS"]
[PlyCount "81"]
[EventDate "2016.??.??"]
[EventCountry "USA"]
[SourceTitle "playchess.com"]
[Source "ChessBase"]
[TimeControl "40/7200:3600+30"]

1. c4 {(2s)} c5 {(11s)} 2. Nf3 {(71s)} Nf6 {(13s)} 3. Nc3 {(137s)} Nc6 {(15s)}
4. g3 {(3s)} d5 {(15s)} 5. cxd5 {(16s)} Nxd5 {(8s)} 6. Bg2 {(2s)} e6 {(16s)} 7.
O-O {(7s)} Be7 {(5s)} 8. d4 {(3s)} O-O {(10s)} 9. e4 {(2s)} Ndb4 {(71s)} 10.
dxc5 {(8s)} Bxc5 {(30s)} 11. e5 {(3s)} Bb6 {(99s)} 12. a3 {(13s)} Nd5 {(133s)}
13. Qe2 {(164s)} Bd7 {(834s)} 14. Rd1 {(661s)} Nxc3 {(593s)} 15. bxc3 {(12s)}
Qc7 {(56s)} 16. a4 {(1450s)} Ne7 {(707s)} 17. Ng5 {(898s)} Bc6 {(909s)} 18. Ba3
{(257s)} Bxg2 {(185s)} 19. Kxg2 {(76s)} Bc5 {(104s)} 20. Qe4 {(727s)} Ng6 {
(189s)} 21. Bxc5 {(49s)} Qxc5 {(19s)} 22. Nf3 {(12 s)} b6 {(189s)} 23. Rd7 {
(179s)} Qxc3 {(382s)} 24. Rad1 {(36s)} Rac8 {(190s)} 25. Rxa7 {[#] (156s)} Rc4
$2 {(524s)} 26. Qb7 {(98s)} Rcc8 {(493s)} ({Upon playing ...Rc4, Anand had
planned on} 26... Nxe5 27. Nxe5 (27. Ra8 $1 {was the move Anand missed in his
earlier analysis, but thankfully for his sanity, he caught his mistake in time,
and avoided an immediate defeat.} g5 28. Rxf8+ Kxf8 29. Qb8+ {with a double
attack on the king and the knight.} Kg7 30. Nxe5 {and it would be game over.})
27... Qxe5 28. Rd7 {and he would actually be fine.}) 27. Re1 {(836s)} Rb8 {
(309s)} 28. Qe4 {(54s)} Qc5 {(163s)} 29. Rb1 {(58s)} b5 {(499s)} 30. Ra5 {(31s)
} Qc4 {(5s)} 31. Qxc4 {(209s)} bxc4 {(5s)} 32. Rxb8 {(27 s)} Rxb8 {(6s)} 33.
Rc5 {(5s)} Rb4 {(5s)} 34. a5 {(20s)} Ra4 {(28s)} 35. Nd2 {(405s)} c3 {(23s)}
36. Rc8+ {(14s)} Nf8 {(10s)} 37. Nb3 {(26s)} g5 {(123s)} 38. Rxc3 {(423s)} Ra3
{(50s)} 39. Kf3 {(46s)} Ng6 {[#] (10s) That White stands better here, is
unquestionable. This doesn't mean it the win is just a matter of technique,
but that the burden of holding is very much on Black's shoulders.} 40. Rc8+ $2
{(0s) After this though, there is nothing for White anymore.} Kg7 {(0s)} 41.
Rc3 {(163s)} 1/2-1/2

[Event "4th Sinquefield Cup 2016"]
[Site "Saint Louis"]
[Date "2016.08.11"]
[Round "6"]
[White "Ding, Liren"]
[Black "Svidler, Peter"]
[Result "1-0"]
[ECO "D71"]
[WhiteElo "2755"]
[BlackElo "2751"]
[Annotator ""]
[PlyCount "117"]
[EventDate "2016.??.??"]
[EventCountry "USA"]
[SourceTitle "playchess.com"]
[Source "ChessBase"]
[TimeControl "40/7200:3600+30"]

1. d4 {(4s)} Nf6 {(7s)} 2. c4 {(8s)} g6 {(3s)} 3. g3 {(17s)} c5 {(389s)} 4. d5 {(113s)} Bg7 {(117s)} 5.
Bg2 {(18s)} O-O {(15s)} 6. Nc3 {(4s)} d6 {(48s)} 7. Nh3 {(14s)} a6 {(224s)} 8. a4 {(292s)} e6 {(197s)}
9. Nf4 {(23s)} exd5 {(55s)} 10. Nfxd5 {(6s)} Nxd5 {(6s)} 11. Nxd5 {(6s)} Nc6 {(84s)} 12. O-O {(8s)}
Re8 {(190s)} 13. Ra2 {(895s)} Rb8 {(732s)} 14. b3 {(1150s)} b5 {(1046s)} 15. axb5 {(157s)} axb5 {(
6s)} 16. cxb5 {(33s)} Nd4 {(433s)} 17. b6 {(51s)} Be6 {(40s)} 18. e3 {(457s)} Nb5 {(295s)} 19. Bd2
{(6s)} Bxd5 {(122s)} 20. Bxd5 {(115s)} Qxb6 {(36s)} 21. Qf3 {(6s)} Re7 {(316s)} 22. Ba5 {(422s)} Qa7
{(8s)} 23. Bd8 {(6s)} Rxd8 {(5s)} 24. Rxa7 {(5s)} Rxa7 {(5s)} 25. Bc4 {(211s)} Nc3 {(149s)} 26. Qc6
{(183s)} d5 {(156s)} 27. Bd3 {(20s)} Ra3 {(274s)} 28. Qb6 {(431s)} Rc8 {(115s)} 29. Kg2 {(114s)} Bf8
{(341s)} 30. Rc1 {(468s)} Na2 {(62s)} 31. Ra1 {(164s)} Bg7 {(457s)} 32. Rb1 {(132s)} Nb4 {(83s)} 33.
Bb5 {(8s)} Bf8 {(308s)} 34. e4 {(485s)} Raa8 {(113s)} 35. Bf1 {(164s)} Rab8 {(199s)} 36. Qa7 {(140
s)} Ra8 {(102s)} 37. Qb7 {(179s)} Rab8 {(18s)} 38. Qa7 {(71s)} Ra8 {(8s)} 39. Qd7 {(235s)} c4 {(136s)}
40. bxc4 {(0s)} dxe4 {(0s)} 41. Qb7 {(1450s)} Nc6 {(588s)} 42. Re1 {(86s)} Rab8 {(95s)} 43. Qd7 {(
37s)} Ne5 {(54s)} 44. Qd5 {(6s)} Rc5 {(42s)} 45. Qxe4 {(7s)} Rbc8 {(12s)} 46. Rc1 {(32s)} R8c7 {(113
s)} 47. Be2 {(248s)} Rc8 {(92s)} 48. f4 {(220s)} Nd7 {(49s)} 49. Ra1 {(252s)} Nf6 {(910s)} 50. Qf3
{(135s)} Re8 {(156s)} 51. Ra8 {(187s)} Re6 {(15s)} 52. Qd3 {(105s)} Kg7 {(44s)} 53. Bf3 {(30s)} Rd6
{(177s)} 54. Qc3 {(40s)} h5 {(62s)} 55. h3 {(179s)} Kg8 {(386s)} 56. Qb4 {(393s)} Nd7 {(44s)} 57.
Bd5 {(35s)} Rb6 {(60s)} 58. Qd2 {(108s)} Rc7 {(65s)} 59. f5 {(63s)} 1-0

[Event "4th Sinquefield Cup 2016"]
[Site "Saint Louis"]
[Date "2016.08.11"]
[Round "6"]
[White "Nakamura, Hikaru"]
[Black "Caruana, Fabiano"]
[Result "1/2-1/2"]
[ECO "A61"]
[WhiteElo "2791"]
[BlackElo "2807"]
[Annotator ""]
[PlyCount "117"]
[EventDate "2016.??.??"]
[EventCountry "USA"]
[SourceTitle "playchess.com"]
[Source "ChessBase"]
[TimeControl "40/7200:3600+30"]

1. d4 {(6s)} Nf6 {(5s)} 2. c4 {(5s)} e6 {(3s)} 3. Nf3 {(16s)} c5 {(5s)} 4. d5 {(21s)} d6 {(6s)} 5. Nc3
{(7s)} exd5 {(4s)} 6. cxd5 {(7s)} g6 {(3s)} 7. Bf4 {(12s)} Bg7 {(14s)} 8. Qa4+ {(28s)} Bd7 {(5s)} 9.
Qb3 {(11s)} b5 {(6s)} 10. Bxd6 {(11s)} Qb6 {(6s)} 11. Be5 {(14s)} O-O {(100s)} 12. e3 {(14s)} c4 {(6s)}
13. Qd1 {(40s)} b4 {(6s)} 14. Nb1 {(28s)} Rc8 {(60s)} 15. Nbd2 {(34s)} Bb5 {(88s)} 16. a4 {(111s)}
bxa3 {(45s)} 17. Rxa3 {(16s)} Bf8 {(42s)} 18. Bd4 {(562s)} Qb7 {(32s)} 19. Ra1 {(851s)} Nxd5 {(171
s)} 20. Be2 {(7s)} Nc6 {(1098s)} 21. O-O {(17s)} Nxd4 {(64s)} 22. Nxd4 {(18s)} a6 {(62s)} 23. Bf3 {(
945s)} Rd8 {(487s)} 24. Ne4 {(854s)} Qb6 {(91s)} 25. Nc3 {(130s)} Nxc3 {(6s)} 26. bxc3 {(3s)} Rac8
{(72s)} 27. Qc2 {(86s)} Qf6 {(202s)} 28. Rfb1 {(144s)} Rc5 {(429s)} 29. Bd1 {(262s)} Bg7 {(324s)}
30. Qe2 {(599s)} Qe7 {(284s)} 31. Rb2 {(17s)} Qe8 {(286s)} 32. Rba2 {(43s)} h5 {(195s)} 33. Ba4 {(
376s)} Bxa4 {(194s)} 34. Rxa4 {(9s)} Bxd4 {(22s)} 35. cxd4 {(11s)} Rxd4 {(4s)} 36. exd4 {(185s)}
Qxe2 {(9s)} 37. dxc5 {(2s)} c3 {(191s)} 38. Rc1 {(13s)} c2 {(586s)} 39. Rd4 {(212s)} Qb5 {(41s)} 40.
Rd2 {(0s)} Qxc5 {(0s)} 41. Rdxc2 {(454s)} Qa3 {(38s)} 42. h4 {(336s)} a5 {(228s)} 43. g3 {(805s)} a4
{(132s)} 44. Re1 {(43s)} Qb3 {(592s)} 45. Rce2 {(19s)} Qc3 {(381s)} 46. Re3 {(84s)} Qb2 {(31s)} 47.
R1e2 {(85s)} Qb4 {(378s)} 48. Kh2 {(485s)} Kg7 {(115s)} 49. Rf3 {(460s)} g5 {(395s)} 50. hxg5 {(
204s)} h4 {(35s)} 51. Ree3 {(140s)} hxg3+ {(37s)} 52. Kxg3 {(62s)} Kg6 {(60s)} 53. Kh2 {(328s)} Qc4
{(101s)} 54. Rg3 {(21s)} Qf1 {(72s)} 55. Ref3 {(75s)} Qc4 {(82s)} 56. Rf6+ {(443s)} Kg7 {(5s)} 57.
Rff3 {(2s)} Kg6 {(6s)} 58. Rf6+ {(4s)} Kg7 {(2s)} 59. Rff3 {(222s)} 1/2-1/2

[Event "4th Sinquefield Cup 2016"]
[Site "Saint Louis"]
[Date "2016.08.12"]
[Round "7"]
[White "Vachier-Lagrave, Maxime"]
[Black "Nakamura, Hikaru"]
[Result "1/2-1/2"]
[ECO "C67"]
[WhiteElo "2819"]
[BlackElo "2791"]
[PlyCount "70"]
[EventDate "2016.??.??"]
[EventCountry "USA"]
[SourceTitle "playchess.com"]
[Source "ChessBase"]
[TimeControl "40/7200:3600+30"]

1. e4 {(4s)} e5 {(6s)} 2. Nf3 {(3s)} Nc6 {(6s)} 3. Bb5 {(2s)} Nf6 {(23s)} 4.
O-O {(4s)} Nxe4 {(7s)} 5. d4 {(1s)} Nd6 {(7s)} 6. Bxc6 {(3s)} dxc6 {(6s)} 7.
dxe5 {(3s)} Nf5 {(9s)} 8. Qxd8+ {(4s)} Kxd8 {(6s)} 9. h3 {(3s)} Ke8 {(17s)} 10.
Nc3 {(4s)} h5 {(4s)} 11. Bf4 {(22s)} Be7 {(9s)} 12. Rad1 {(20s)} Be6 {(7 s)}
13. Ng5 {(4s)} Rh6 {(10s)} 14. Rfe1 {(4s)} Bb4 {(16s)} 15. g4 {(18s)} hxg4 {
(19s)} 16. hxg4 {(3s)} Ne7 {(7s)} 17. f3 {(6s)} Bxc3 {(23s)} 18. bxc3 {(3s)}
Nd5 {(6s)} 19. Bd2 {(5s)} Nb6 {(6s)} 20. Nxe6 {(148s)} Rxe6 {(12s)} 21. Kf2 {
(103s)} Rd8 {(459s)} 22. Bg5 {(10s)} Rxd1 {(1242s)} 23. Rxd1 {(8s)} Nd7 {(10s)}
24. f4 {(5s)} f6 {(23s)} 25. exf6 {(25s)} gxf6 {(10s)} 26. Bh4 {(449s)} c5 {
(900s)} 27. Kf3 {(427s)} Ra6 {(298s)} 28. Ke4 {(127s)} Nf8 {(54s)} 29. Kf5 {
(1545s)} Kf7 {(30s)} 30. c4 {(132s)} Re6 {(304s)} 31. g5 {(1165s)} Ng6 {(23s)}
32. Rd7+ {(32s)} Re7 {(10s)} 33. Rxe7+ {(4s)} Nxe7+ {(8s)} 34. Ke4 {(5s)} f5+ {
(22s)} 35. Ke3 {(36s)} Ng6 {(326 Ke4s)} 1/2-1/2

[Event "4th Sinquefield Cup 2016"]
[Site "Saint Louis"]
[Date "2016.08.12"]
[Round "7"]
[White "Anand, Viswanathan"]
[Black "Aronian, Levon"]
[Result "1/2-1/2"]
[ECO "C54"]
[WhiteElo "2770"]
[BlackElo "2792"]
[Annotator ""]
[PlyCount "68"]
[EventDate "2016.??.??"]
[EventCountry "USA"]
[SourceTitle "playchess.com"]
[Source "ChessBase"]
[TimeControl "40/7200:3600+30"]

1. e4 {(5s)} e5 {(4s)} 2. Nf3 {(6s)} Nc6 {(7s)} 3. Bc4 {(9s)} Bc5 {(7s)} 4. c3 {(10s)} Nf6 {(5s)} 5. d3
{(6s)} O-O {(6s)} 6. Nbd2 {(25s)} a6 {(93s)} 7. a4 {(187s)} d6 {(28s)} 8. O-O {(32s)} Ba7 {(195s)} 9.
h3 {(83s)} Ne7 {(155s)} 10. Re1 {(138s)} Ng6 {(35s)} 11. Bb3 {(123s)} Re8 {(476s)} 12. d4 {(666s)}
h6 {(400s)} 13. Bc2 {(177s)} c6 {(156s)} 14. Nf1 {(83s)} d5 {(508s)} 15. Nxe5 {(620s)} Nxe5 {(4s)}
16. dxe5 {(10s)} Nxe4 {(3s)} 17. Bxe4 {(345s)} dxe4 {(16s)} 18. Qxd8 {(7s)} Rxd8 {(5s)} 19. Ng3 {(
18s)} Bb8 {(945s)} 20. Be3 {(1149s)} Bxe5 {(5s)} 21. Nxe4 {(123s)} Bc7 {(30s)} 22. a5 {(43s)} Bf5 {(
553s)} 23. Nc5 {(126s)} Rab8 {(20s)} 24. g4 {(354s)} Bc2 {(89s)} 25. Rac1 {(39s)} Bg6 {(337s)} 26.
b4 {(270s)} Bd6 {(385s)} 27. Na4 {(111s)} f6 {(265s)} 28. Ba7 {(368s)} Ra8 {(48s)} 29. Bc5 {(34s)}
Be5 {(141s)} 30. Nb6 {(218s)} Rab8 {(8s)} 31. Nc4 {(119s)} Bf4 {(208s)} 32. Be3 {(25s)} Bxe3 {(184
s)} 33. Rxe3 {(14s)} b5 {(377s)} 34. axb6 {(481s)} Bf7 {(10s)} 1/2-1/2

[Event "4th Sinquefield Cup 2016"]
[Site "Saint Louis"]
[Date "2016.08.12"]
[Round "7"]
[White "Svidler, Peter"]
[Black "So, Wesley"]
[Result "1/2-1/2"]
[ECO "A20"]
[WhiteElo "2751"]
[BlackElo "2771"]
[Annotator ""]
[PlyCount "61"]
[EventDate "2016.??.??"]
[EventCountry "USA"]
[SourceTitle "playchess.com"]
[Source "ChessBase"]
[TimeControl "40/7200:3600+30"]

1. c4 {(3s)} e5 {(13s)} 2. g3 {(35s)} Nf6 {(6s)} 3. Bg2 {(7s)} d5 {(3s)} 4. cxd5 {(5s)} Nxd5 {(4s)} 5.
Nf3 {(346s)} Nc6 {(6s)} 6. O-O {(6s)} Nb6 {(4s)} 7. Nc3 {(488s)} Be7 {(13s)} 8. a3 {(114s)} O-O {(17s)}
9. b4 {(3s)} Be6 {(7s)} 10. d3 {(9s)} a5 {(70s)} 11. b5 {(10s)} Nd4 {(5s)} 12. Bb2 {(9s)} Nb3 {(57s)}
13. Rb1 {(9s)} f6 {(4s)} 14. Nd2 {(22s)} Nxd2 {(6s)} 15. Qxd2 {(5s)} Nc4 {(6s)} 16. Qc1 {(437s)}
Nxb2 {(5s)} 17. Qxb2 {(4s)} Rb8 {(5s)} 18. e3 {(806s)} f5 {(662s)} 19. Na4 {(737s)} Bd6 {(130s)} 20.
b6 {(109s)} c6 {(44s)} 21. d4 {(10s)} Qe7 {(1038s)} 22. Nc5 {(333s)} exd4 {(163s)} 23. Nxe6 {(600s)}
Qxe6 {(34s)} 24. exd4 {(2s)} f4 {(19s)} 25. d5 {(255s)} cxd5 {(8s)} 26. Qb3 {(68s)} Kh8 {(9s)} 27.
Bxd5 {(64s)} Qf6 {(152s)} 28. Qb5 {(914s)} Bxa3 {(217s)} 29. Qxa5 {(34s)} Bb2 {(5s)} 30. Bf3 {(98s)}
Ra8 {(479s)} 31. Qd5 {(174s)} 1/2-1/2

[Event "4th Sinquefield Cup 2016"]
[Site "Saint Louis"]
[Date "2016.08.12"]
[Round "7"]
[White "Topalov, Veselin"]
[Black "Giri, Anish"]
[Result "1/2-1/2"]
[ECO "A20"]
[WhiteElo "2761"]
[BlackElo "2769"]
[Annotator ""]
[PlyCount "90"]
[EventDate "2016.??.??"]
[EventCountry "USA"]
[SourceTitle "playchess.com"]
[Source "ChessBase"]
[TimeControl "40/7200:3600+30"]

1. c4 {(5s)} e5 {(2s)} 2. d3 {(13s)} Bb4+ {(271s)} 3. Nd2 {(23s)} Nf6 {(206s)} 4. Ngf3 {(27s)} Nc6 {(
12s)} 5. a3 {(35s)} Bxd2+ {(8s)} 6. Qxd2 {(13s)} d5 {(342s)} 7. cxd5 {(64s)} Qxd5 {(20s)} 8. e4 {(75
s)} Qd6 {(55s)} 9. h3 {(126s)} a5 {(271s)} 10. Be2 {(357s)} Nd7 {(111s)} 11. Qc2 {(427s)} Nc5 {(129s)}
12. Be3 {(16s)} Ne6 {(26s)} 13. O-O {(354s)} O-O {(75s)} 14. b3 {(267s)} Rd8 {(92s)} 15. Rfc1 {(
718s)} Bd7 {(170s)} 16. Qb2 {(67s)} Be8 {(770s)} 17. b4 {(389s)} axb4 {(183s)} 18. axb4 {(9s)} Rxa1
{(11s)} 19. Qxa1 {(511s)} b5 {(818s)} 20. Qa3 {(1339s)} Qxb4 {(579s)} 21. Qxb4 {(33s)} Nxb4 {(1s)}
22. Nxe5 {(32s)} f6 {(13s)} 23. Bg4 {(590s)} Nd4 {(60s)} 24. Bxd4 {(69s)} Rxd4 {(10s)} 25. Nf3 {(
16s)} Nxd3 {(88s)} 26. Rxc7 {(90s)} Rd6 {(607s)} 27. Rb7 {(114s)} h5 {(102s)} 28. Bf5 {(658s)} g6 {(
28s)} 29. e5 {(20s)} Nxe5 {(62s)} 30. Nxe5 {(5s)} gxf5 {(833s)} 31. Rb8 {(5s)} Kf8 {(5s)} 32. Ng6+
{(9s)} Kf7 {(7s)} 33. Nf4 {(5s)} h4 {(52s)} 34. g3 {(33s)} Bc6 {(94s)} 35. gxh4 {(55s)} Rd4 {(14s)} 36.
Rb6 {(144s)} Rc4 {(342s)} 37. h5 {(111s)} Kg7 {(1s)} 38. Kh2 {(101s)} b4 {(252s)} 39. Nd3 {(107s)}
Rc3 {(278s)} 40. Nxb4 {(0s)} Be4 {(0s)} 41. Rd6 {(179s)} Rf3 {(490s)} 42. Nd5 {(63s)} Rxf2+ {(126s)}
43. Kg3 {(16s)} Rf3+ {(29s)} 44. Kh4 {(10s)} Bxd5 {(17s)} 45. Rxd5 {(6s)} Kh6 {(13s)} 1/2-1/2

[Event "4th Sinquefield Cup 2016"]
[Site "Saint Louis"]
[Date "2016.08.12"]
[Round "7"]
[White "Caruana, Fabiano"]
[Black "Ding, Liren"]
[Result "1/2-1/2"]
[ECO "C92"]
[WhiteElo "2807"]
[BlackElo "2755"]
[Annotator ""]
[PlyCount "189"]
[EventDate "2016.??.??"]
[EventCountry "USA"]
[SourceTitle "playchess.com"]
[Source "ChessBase"]
[TimeControl "40/7200:3600+30"]

1. e4 {(3s)} e5 {(5s)} 2. Nf3 {(3s)} Nc6 {(4s)} 3. Bb5 {(5s)} a6 {(4s)} 4. Ba4 {(4s)} Nf6 {(4s)} 5. O-O
{(6s)} Be7 {(3s)} 6. Re1 {(5s)} b5 {(4s)} 7. Bb3 {(3s)} d6 {(5s)} 8. c3 {(5s)} O-O {(5s)} 9. h3 {(3s)} Re8
{(5s)} 10. d4 {(14s)} Bb7 {(5s)} 11. Nbd2 {(8s)} Bf8 {(4s)} 12. Bc2 {(22s)} h6 {(100s)} 13. d5 {(9s)}
Nb8 {(173s)} 14. b3 {(18s)} c6 {(125s)} 15. c4 {(7s)} Nbd7 {(2s)} 16. Nf1 {(413s)} Qc7 {(508s)} 17.
Be3 {(174s)} a5 {(654s)} 18. Rc1 {(732s)} Ba6 {(495s)} 19. cxb5 {(539s)} Bxb5 {(3s)} 20. Bd3 {(10s)}
Qb7 {(5s)} 21. Bxb5 {(21s)} cxb5 22. Ng3 {(275s)} Rec8 {(57s)} 23. Qd3 {(135s)} h5 {(125s)} 24.
Rc3 {(790s)} b4 {(156s)} 25. Rxc8 {(172s)} Rxc8 {(17s)} 26. Rc1 {(61s)} Rxc1+ {(204s)} 27. Bxc1 {(
11s)} Nc5 {(11s)} 28. Qc4 {(400s)} g6 {(18s)} 29. Bg5 {(50s)} Nfd7 {(968s)} 30. Nd2 {(207s)} a4 {(
762s)} 31. Kh2 {(1495s)} Qb6 {(336s)} 32. Ne2 {(559s)} axb3 {(356s)} 33. axb3 {(6s)} Qa5 {(2s)} 34.
Ng1 {(98s)} Nb6 {(167s)} 35. Qe2 {(49s)} Nc8 {(356s)} 36. Ngf3 {(134s)} Be7 {(156s)} 37. Be3 {(265
s)} Nb6 {(42s)} 38. Ne1 {(120s)} Nbd7 {(482s)} 39. Nc2 {(99s)} Qa6 {(4s)} 40. Qxa6 {(0s)} Nxa6 {(0s)}
41. Kg1 {(395s)} Kf8 {(1228s)} 42. Kf1 {(104s)} Bd8 {(5s)} 43. Ke2 {(785s)} Bb6 {(8s)} 44. Bh6+ {(
35s)} Ke7 {(174s)} 45. f3 {(6s)} Ndc5 {(524s)} 46. Be3 {(109s)} f5 {(316s)} 47. g4 {(243s)} hxg4 {(
193s)} 48. hxg4 {(7s)} fxg4 {(99s)} 49. fxg4 {(5s)} Nd7 {(76s)} 50. Bg5+ {(215s)} Ke8 {(185s)} 51.
Nc4 {(235s)} Bc7 {(226s)} 52. Be3 {(348s)} Ndc5 {(38s)} 53. Nd2 {(296s)} Ba5 {(5s)} 54. Ne1 {(290s)}
Bb6 {(34s)} 55. Bxc5 {(266s)} Bxc5 {(673s)} 56. Nef3 {(192s)} Nc7 {(95s)} 57. Ng5 {(40s)} Ke7 {(
269s)} 58. Kd3 {(6s)} Kf6 {(3s)} 59. Ndf3 {(38s)} Bf2 {(251s)} 60. Nh3 {(349s)} Bg3 {(33s)} 61.
Nhg1 {(179s)} Na6 {(63s)} 62. g5+ {(52s)} Ke7 {(25s)} 63. Nd2 {(5s)} Kd7 {(297s)} 64. Kc4 {(5s)} Kc7
{(3s)} 65. Kb5 {(7s)} Nc5 {(5s)} 66. Ngf3 {(14s)} Nd3 {(80s)} 67. Kc4 {(30s)} Nf2 {(6s)} 68. Kxb4 {(
21s)} Bf4 {(4s)} 69. Kb5 {(366s)} Nh3 {(23s)} 70. b4 {(14s)} Nxg5 {(94s)} 71. Ka6 {(76s)} Nxf3 {(117
s)} 72. Nxf3 {(3s)} g5 {(2s)} 73. b5 {(5s)} g4 {(4s)} 74. b6+ {(9s)} Kb8 {(21s)} 75. Nh4 {(14s)} g3 {(
40s)} 76. Nf5 {(131s)} g2 {(20s)} 77. Ne7 {(3s)} g1=Q {(3s)} 78. Nc6+ {(4s)} Kc8 {(2s)} 79. b7+ {(4s)}
Kd7 {(1s)} 80. b8=Q {(9s)} Qf1+ {(137s)} 81. Kb7 {(37s)} Qb5+ {(39s)} 82. Ka8 {(5s)} Qa4+ {(10s)}
83. Qa7+ {(163s)} Qxa7+ {(3s)} 84. Nxa7 {(3s)} Kc7 {(175s)} 85. Nb5+ {(6s)} Kb6 {(4s)} 86. Nxd6 {(
4s)} Kc5 {(2s)} 87. Nf5 {(109s)} Bg5 {(6s)} 88. Kb7 {(28s)} Kc4 {(6s)} 89. d6 {(36s)} Kd3 {(5s)} 90.
Ng3 {(15s)} Ke3 {(19s)} 91. d7 {(46s)} Kf3 {(25s)} 92. Nh5 {(24s)} Kxe4 {(10s)} 93. Kc6 {(14s)} Kf3
{(34s)} 94. Ng7 {(18s)} e4 {(6s)} 95. Nf5 {(16s)} 1/2-1/2